 Dungeon Crawl Stone Soup version 0.19-a0-1714-gcab94ab (webtiles) character file.

6204 kae the Cleaver (level 11, -1/111 (112) HPs)
             Began as a Formicid Fighter on Sept 28, 2016.
             Was a Believer of Makhleb.
             Slain by an orc warrior
             ... wielding a +0 war axe
              (10 damage)
             ... on level 8 of the Dungeon.
             The game lasted 00:14:45 (7576 turns).

kae the Cleaver (Formicid Fighter)                  Turns: 7576, Time: 00:14:45

HP:   -1/111 (112)  AC:  6    Str: 23    XL:     11   Next: 14%
MP:   14/14         EV:  2    Int: 15    God:    Makhleb [**....]
Gold: 254           SH:  6    Dex: 10    Spells: 0 memorised, 10 levels left

rFire  . . .     SeeInvis .     u - +7 hand axe "Bem Woinau" {chop, Int+6}
rCold  . . .     Gourm    .     (armour currently unavailable)
rNeg   + + +     Faith    .     l - +2 buckler
rPois  +         Spirit   .     (helmet unavailable)
rElec  .         Dismiss  .     (cloak currently unavailable)
rCorr  .         Reflect  .     (gloves currently unavailable)
MR     +....     Harm     +     (boots currently unavailable)
Stlth  +.........               s - amulet of harm
                                (no ring)
                                n - ring of poison resistance

@: tree-form, corroded
A: permanent stasis, dig shafts and tunnels, four strong arms, (antennae 0)
a: Minor Destruction, Renounce Religion


You were on level 8 of the Dungeon.
You worshipped Makhleb.
Makhleb was pleased with you.
You were hungry.
You were a tree.
You visited 2 branches of the dungeon, and saw 10 of its levels.

You collected 425 gold pieces.
You spent 171 gold pieces at shops.

Inventory:

Hand Weapons
 a - a +0 war axe
 u - the +7 hand axe "Bem Woinau" (weapon) {chop, Int+6}
   (You took it off a centaur on level 5 of the Dungeon)

   It inflicts extra damage upon your enemies.
   It affects your intelligence (+6).
Armour
 b - a +0 scale mail (melded)
 c - a +1 shield
 l - a +2 buckler (worn)
 E - a +0 pair of boots (melded)
 F - a +0 pair of gloves (melded)
 G - a +1 cloak (melded)
Jewellery
 n - a ring of poison resistance (left branch)
 s - an amulet of harm (around neck)
Wands
 p - a wand of iceblast (3/15)
 B - a wand of flame (12/48)
 D - a wand of acid (5/15)
Scrolls
 i - 2 scrolls of identify
 y - a scroll of enchant armour
 z - a scroll of recharging
 H - a scroll of amnesia
Potions
 d - a potion of might
 e - a potion of brilliance
 g - 4 potions of lignification
 j - 2 potions of curing
 q - a potion of flight
 r - 3 potions of agility
 w - 3 potions of ambrosia
Books
 h - a book of Battle

   Spells                             Type                      Level
   a - Infusion                       Charms                       1
   b - Shroud of Golubria             Charms/Translocation         2
   c - Song of Slaying                Charms                       2
   d - Spectral Weapon                Hexes/Charms                 3
   e - Regeneration                   Charms/Necromancy            3
 x - a book of Debilitation

   Spells                             Type                      Level
   a - Corona                         Hexes                        1
   b - Slow                           Hexes                        2
   c - Gell's Gravitas                Hexes/Translocation          3
   d - Inner Flame                    Hexes/Fire                   3
   e - Cause Fear                     Hexes                        4
   f - Leda's Liquefaction            Hexes/Earth                  4
 C - a book of Flames

   Spells                             Type                      Level
   a - Flame Tongue                   Conjuration/Fire             1
   b - Throw Flame                    Conjuration/Fire             2
   c - Conjure Flame                  Conjuration/Fire             3
   d - Inner Flame                    Hexes/Fire                   3
   e - Sticky Flame                   Conjuration/Fire             4
   f - Fireball                       Conjuration/Fire             5
Comestibles
 f - 12 bread rations
 k - 2 fruits
 m - 6 meat rations
 o - a slice of pizza
 A - 2 royal jellies


   Skills:
 - Level 3.2 Fighting
 - Level 14.8 Axes
 - Level 3.2 Armour
 + Level 4.5 Shields
 + Level 4.4 Invocations


You had 10 spell levels left.
You didn't know any spells.

Dungeon Overview and Level Annotations

Branches:
Dungeon (9/15)             Temple (1/1) D:5            Lair (0/6) D:8
    Orc: D:9-12

Altars:
Ashenzari
Cheibriados
Dithmenos
Elyvilon
Fedhas
Gozag
Hepliaklqana
Kikubaaqudgha
Makhleb
Nemelex Xobeh
Okawaru
Qazlal
Ru
Sif Muna
Trog
Uskayaw
Vehumet
Xom
Zin
The Shining One

Shops:
D:7 [


Innate Abilities, Weirdness & Mutations

You are under a permanent stasis effect.
You can dig through walls and to a lower floor.
Your four strong arms can wield two-handed weapons with a shield.
((You have a pair of large antennae on your head. (SInv)))


Message History

The rust devil corrodes you!
Unknown command.
Unknown command.
Unknown command.
You hit the rust devil.
The rust devil is moderately wounded.
You hit the rust devil but do no damage.
You hit the orc warrior but do no damage.
The rust devil hits you. The rust devil corrodes you!
The big kobold hits you but does no damage.
Unknown command.
Unknown command.
Unknown command.
You hit the rust devil but do no damage.
The rust devil is moderately wounded.
You hit the orc warrior but do no damage.
You hit the rust devil but do no damage.
The rust devil hits you. The rust devil corrodes you!
The orc warrior hits you with a war axe!
You die...

#.# #..### ###..# #### #.#
##.##♣...♣##.## #... #.#
#..#......)#..## #... #.#
#.###.....###..# ##... #.# #.#
'..8..' #..# #.... #.#
#.###.....###..# #.... #.#
#..#..KKK..#...#####....
######+####.##♣o44♣##............
#............###♣###..#.........(
#..........#...###...##..........
#..........##......####......####
#.(........#.........##......#
#..........#.........##.)....#
#.[........#.........##......#
#..........'.........++......#
#[.........#.........##......####
#..........#############....§§...


You could see 2 rust devils, an orc warrior, a big kobold and 2 kobolds.

Vanquished Creatures
  The ghost of dobroeutro the Basher, a novice GrFi of Okawaru (D:7)
  Pikel (D:7)
  The ghost of Vasilisck the Sneak, a novice OpMo (D:5)
  A two-headed ogre (D:6)
  Grinder (D:5)
  A hippogriff (D:8)
  A wyvern (D:8)
  A spriggan (D:8)
  Eustachio (D:4)
  A hungry ghost (D:7)
  Menkaure (D:4)
  A hell hound (D:8)
  Purgy (D:4)
  An ice beast (D:6)
  4 slaves (D:7)
  A black bear (D:8)
  5 orc warriors
  2 sky beasts
  2 necrophages
  6 ogres
  A phantom (D:4)
  A centaur (D:5)
  4 bullfrogs
  A gnoll sergeant (D:5)
  A wyvern skeleton (D:7)
  5 scorpions
  2 wights (D:9)
  4 crimson imps
  2 bullfrog zombies
  A quasit (D:8)
  A centaur zombie (D:9)
  2 orc priests (D:5)
  2 bullfrog skeletons
  5 hounds
  A jelly (D:7)
  6 orc wizards
  Crazy Yiuf (D:7)
  2 iguanas
  7 worker ants
  A worker ant zombie (D:5)
  A howler monkey skeleton (D:5)
  7 gnolls
  13 adders
  An ooze (D:4)
  2 adder skeletons
  2 adder zombies
  A worm (D:4)
  3 leopard geckos
  22 orcs
  2 giant cockroaches
  3 hobgoblins
  5 jackals
  6 kobolds
  3 quokkas
  9 bats
  6 frilled lizards
  10 goblins
  A leopard gecko skeleton (D:8)
  A quokka skeleton (D:7)
  7 rats
  A fungus (D:7)
190 creatures vanquished.

Notes
Turn   | Place    | Note
-------+----------+-------------------------------------------
     0 | D:1      | kae the Formicid Fighter began the quest for the Orb.
     0 | D:1      | Reached XP level 1. HP: 18/18 MP: 1/1
    76 | D:1      | Reached XP level 2. HP: 24/24 MP: 2/2
   126 | D:1      | Reached skill level 3 in Axes
   339 | D:1      | Reached XP level 3. HP: 29/29 MP: 3/3
  1198 | D:3      | Found a shimmering altar of Xom.
  1198 | D:3      | Found a shimmering altar of Xom.
  1198 | D:3      | Found a shimmering altar of Xom.
  1233 | D:3      | Reached skill level 4 in Axes
  1233 | D:3      | Reached XP level 4. HP: 30/35 MP: 4/4
  1404 | D:3      | Noticed a bullfrog
  1408 | D:3      | Killed a bullfrog
  1408 | D:3      | Reached skill level 5 in Axes
  1408 | D:3      | Reached XP level 5. HP: 27/41 MP: 5/5
  1741 | D:3      | Found a white marble altar of Elyvilon.
  1948 | D:3      | Reached XP level 6. HP: 36/47 MP: 6/6
  2039 | D:4      | Reached skill level 6 in Axes
  2163 | D:4      | Reached skill level 7 in Axes
  2163 | D:4      | Reached XP level 7. HP: 31/52 MP: 7/7
  2306 | D:4      | Noticed Purgy
  2315 | D:4      | Killed Purgy
  2560 | D:4      | Found a glowing silver altar of Zin.
  2567 | D:4      | Found a hazy altar of Hepliaklqana.
  2567 | D:4      | Found a blossoming altar of Fedhas.
  2568 | D:4      | Found an ancient bone altar of Kikubaaqudgha.
  2595 | D:4      | Noticed Eustachio
  2625 | D:4      | Killed Eustachio
  2625 | D:4      | Reached skill level 8 in Axes
  2625 | D:4      | Reached XP level 8. HP: 27/58 MP: 8/8
  2745 | D:4      | Noticed Menkaure
  2748 | D:4      | Killed Menkaure
  2758 | D:4      | Reached skill level 9 in Axes
  2822 | D:5      | Entered Level 5 of the Dungeon
  2967 | D:5      | Noticed Grinder
  2985 | D:5      | Killed Grinder
  3204 | D:5      | Reached skill level 10 in Axes
  3206 | D:5      | Got an uncursed polished hand axe {chop}
  3216 | D:5      | Identified the +7 hand axe "Bem Woinau" {chop, Int+6} (You took it off a centaur on level 5 of the Dungeon)
  3345 | D:5      | Reached XP level 9. HP: 62/64 MP: 9/9
  3409 | D:5      | Noticed Vasilisck's ghost (novice OpMo)
  3428 | D:5      | Killed Vasilisck's ghost
  3428 | D:5      | Reached skill level 11 in Axes
  3521 | D:5      | Found a staircase to the Ecumenical Temple.
  3533 | Temple   | Entered the Ecumenical Temple
  3662 | Temple   | Became a worshipper of Makhleb the Destroyer
  4108 | D:5      | Found a deep blue altar of Sif Muna.
  4320 | D:6      | Reached skill level 12 in Axes
  4443 | D:6      | Reached * piety under Makhleb
  5112 | D:6      | Reached XP level 10. HP: 70/70 MP: 10/10
  5184 | D:6      | Reached skill level 13 in Axes
  5207 | D:6      | Found a hide-covered altar of Uskayaw.
  5706 | D:7      | Noticed Pikel
  5708 | D:7      | Noticed dobroeutro's ghost (novice GrFi)
  5734 | D:7      | Killed Pikel
  5784 | D:7      | Killed dobroeutro's ghost
  5784 | D:7      | Reached skill level 14 in Axes
  6278 | D:7      | Found Lacua's Antique Armour Boutique.
  6286 | D:7      | Bought a pair of ancient gloves for 171 gold pieces
  6296 | D:7      | Identified the cursed -1 pair of gloves of Resilience {rElec Str-4 Int+10 Slay-2} (You bought it in a shop on level 7 of the Dungeon)
  6382 | D:7      | Found a runed door.
  6386 | D:7      | Noticed Crazy Yiuf
  6389 | D:7      | Killed Crazy Yiuf
  6682 | D:8      | Found an opulent altar of Gozag.
  6695 | D:8      | Reached ** piety under Makhleb
  6741 | D:8      | Reached skill level 1 in Invocations
  6825 | D:8      | Reached XP level 11. HP: 61/74 MP: 10/12
  7058 | D:8      | Found a staircase to the Lair.
  7082 | D:8      | Found a snail-covered altar of Cheibriados.
  7576 | D:8      | Slain by an orc warrior

Vault maps used:
D:1:      onia_arrival_pentagram
D:3:      xom_redecorated, old_standard_altar, first_bread, minmay_checkerbox
D:4:      minitemple, minivault_14, uniq_eustachio, uniq_purgy, uniq_menkaure
D:5:      lemuel_blue_sif_altar, kennysheep_cluttered_room, uniq_grinder
D:6:      nicolae_overflow_crystal_walls
D:7:      serial_shops, nicolae_shop_temple_entry_statues_fountains, uniq_pikel,
          uniq_crazy_yiuf_cottage
D:8:      cheibrodos_iron_armory, kennysheep_mini,
          nicolae_overflow_hidden_temple, minmay_lair_entry_lava,
          supply_closet_lemuel, the_bakery
D:9:      lemuel_mausoleum_altar_yredelemnul, serial_shops, shop
Temple:   jpeg_temple_alley_garden

Skill      XL: |  1  2  3  4  5  6  7  8  9 10 11 |
---------------+----------------------------------+-----
Axes           | 3 4 5 7 8 10 12 14 | 14.8
Invocations    | 2 4 |  4.4
Shields        | 4 |  4.5
Fighting       | |  3.2
Armour         | |  3.2

Action                   |  1- 3 |  4- 6 |  7- 9 | 10-12 || total
-------------------------+-------+-------+-------+-------++-------
Melee: War axe           |    98 |   159 |    84 |       ||   341
       Hand axe          |       |       |   135 |   231 ||   366
 Abil: Dig               |       |       |     1 |     4 ||     5
Evoke: Wand              |       |       |     6 |       ||     6
  Use: Scroll            |     4 |       |    10 |     6 ||    20
       Potion            |       |       |       |     1 ||     1
  Eat: Chunk             |     1 |     3 |    10 |     7 ||    21
       Royal jelly       |       |       |       |     1 ||     1
       Pizza             |       |       |       |     1 ||     1
Armor: Scale mail        |    46 |    66 |    46 |    31 ||   189
       Skin              |       |       |       |    11 ||    11
Dodge: Dodged            |    27 |    46 |    32 |    36 ||   141
Block: Shield            |    42 |    97 |    78 |    46 ||   263
       Buckler           |       |       |       |    12 ||    12
